 Dungeon Crawl Stone Soup version 0.31-b1-22-gc680215f68 (webtiles) character file.

Game seed: 17714307386146639204

987 LustLizard the Chopper (level 7, -1/52 (62) HPs)
             Began as a Minotaur Monk on Jan 18, 2024.
             Was a Believer of Uskayaw.
             Slain by a wight
             ... wielding a +3 halberd
              (2 damage)
             ... on level 6 of the Dungeon.
             The game lasted 00:09:24 (3670 turns).

LustLizard the Chopper (Minotaur Monk)              Turns: 3670, Time: 00:09:26

HP:   -1/52 (62)    AC:  7    Str: 18    XL:     7   Next: 97%
MP:   9/9           EV: 11    Int:  5    God:    Uskayaw [**....]
Gold: 188           SH:  0    Dex: 17    Spells: 6/6 levels left

rFire   x . .        x - +5 mace of Blood {drain, rF- Int-2 Dex+5}
rCold   . . .        d - orb {light}
rNeg    . . .        m - +0 scale mail
rPois   .            (helmet restricted)
rElec   .            (no cloak)
rCorr   .            (no gloves)
SInv    .            o - +0 pair of boots
Will    .....        f - amulet of regeneration Stlth
                     (no ring)
HPRegen 1.08/turn    (no ring)
MPRegen 0.11/turn

%: no passive effects
@: glowing, heavily drained
A: horns 2, retaliatory headbutt
a: Renounce Religion, Stomp, Line Pass


You were on level 6 of the Dungeon.
You worshipped Uskayaw.
Uskayaw was noncommittal.
You visited 1 branch of the dungeon, and saw 6 of its levels.
You also visited: Sewer.

You collected 188 gold pieces.

Inventory:

Hand Weapons
 a - a +0 hand axe
 x - the +5 mace of Blood (weapon) {drain, rF- Int-2 Dex+5}
   (You found it on level 5 of the Dungeon)

   Int-2:     It affects your intelligence (-2).
   Dex+5:     It affects your dexterity (+5).
   rF-:       It makes you vulnerable to fire.
Missiles
 b - a throwing net
 g - 34 poisoned darts
 u - 2 boomerangs
 z - 2 curare-tipped darts
Armour
 d - an orb of light (worn)
 m - a +0 scale mail (worn)
 o - a +0 pair of boots (worn)
Jewellery
 e - a ring of ice
 f - an amulet of regeneration (around neck)
Scrolls
 h - 2 scrolls of revelation {unknown}
 i - a scroll of noise {unknown}
 k - a scroll of poison {unknown}
 p - a scroll of fog {unknown}
 v - 3 scrolls of teleportation {unknown}
 w - 3 scrolls of summoning {unknown}
 y - 2 scrolls of blinking
 C - a scroll of immolation {unknown}
Potions
 c - a potion of ambrosia
 j - 2 potions of curing
 l - a potion of cancellation
 n - 3 potions of heal wounds
 q - a potion of resistance
 r - 2 potions of enlightenment
 s - 3 potions of haste
 t - 3 potions of might
 A - 2 potions of invisibility {unknown}
 B - 2 potions of magic {unknown}


   Skills:
 + Level 5.8 Fighting
 * Level 7.6 Axes
 + Level 3.3 Throwing
 - Level 3.2 Dodging
 * Level 4.8 Invocations


You had 6 spell levels left.
You didn't know any spells.
Your spell library contained the following spells:

 Spells                   Type           Power      Damage    Failure   Level
 Foxfire                  Conj/Fire      0%         2x1d4     88%         1
 Freeze                   Ice            0%         1d3       88%         1
 Summon Small Mammal      Summ           0%         N/A       88%         1
 Frozen Ramparts          Ice            0%         1d1       99%         3
 Hailstorm                Conj/Ice       0%         3d5       99%         3
 Summon Ice Beast         Ice/Summ       0%         N/A       99%         3
 Plasma Beam              Fire/Air       0%         2x1d10    100%        6
 Sculpt Simulacrum        Ice/Alch       0%         N/A       100%        6
 Starburst                Conj/Fire      0%         6d3       100%        6


Dungeon Overview and Level Annotations

Branches:
Dungeon (6/15)              Sewer (visited)
 Temple: D:4-7

Altars:
Uskayaw

Annotations:
D:4 3 runed translucent doors, Larett's ghost, amateur MiBe


Innate Abilities, Weirdness & Mutations

You have a pair of horns on your head.
You reflexively headbutt those who attack you in melee.


Message History

The wight is lightly damaged.
The wight closely misses you.
You hit the wight but do no damage.
The wight is lightly damaged.
The wight misses you. You furiously retaliate!
You headbutt the wight. You barely miss the wight.
The wight is moderately damaged.
The wight closely misses you.
The wight hits you from afar with a +3 halberd!
You feel drained.
You hit the wight.
The wight is moderately damaged.
The wight hits you with a +0 scimitar. The wight misses you.
You hit the wight.
The wight is heavily damaged.
The wight hits you with a +0 scimitar.
You feel drained. The wight closely misses you. The wight misses you.
The wight hits you from afar with a +3 halberd.
You feel drained.
You hit the wight but do no damage.
The wight is heavily damaged.
The wight hits you from afar with a +3 halberd!
You feel drained. The wight hits you with a +0 scimitar!
You hit the wight but do no damage.
The wight is heavily damaged.
The wight closely misses you. The wight barely misses you.
You hit the wight.
The wight is severely damaged.
The wight hits you from afar with a +3 halberd!
* * * LOW HITPOINT WARNING * * *
The wight misses you.
You can now pass through a line of other dancers.
You hit the wight.
The wight is almost destroyed.
The wight hits you with a +0 scimitar.
* * * LOW HITPOINT WARNING * * *
The wight hits you from afar with a +3 halberd.
* * * LOW HITPOINT WARNING * * *
You feel drained.
You die...

#.#....####..)...#
###.#....# #......#
#.......#####..<...#
###.##.#####.......###
#..>.......+.......#
###....##.##.......#
#.#####.###+###### #.
#....# #. #@#### #.
#z# #. #z# ...###.##z#
........).#
#......#### #......
#...... #....z.


You could see 3 wights.

Vanquished Creatures
  An ogre (D:5)
  3 kobold brigands (Sewer)
  A scorpion (D:5)
  4 wights
  A bombardier beetle (D:4)
  A hound (D:5)
  A jelly (D:5)
  An iguana (D:4)
  2 sleepcaps (D:4)
  4 orc wizards (D:4)
  6 adders
  2 ufetubi (D:5)
  3 dart slugs
  A ribbon worm (D:4)
  8 orcs
  9 ball pythons
  5 endoplasms
  5 giant cockroaches
  7 hobgoblins
  4 jackals
  6 quokkas
  7 bats
  A frilled lizard (D:2)
  20 kobolds
  5 rats
108 creatures vanquished.

Notes
Turn   | Place    | Note
-------+----------+-------------------------------------------
     0 | D:1      | LustLizard the Minotaur Monk began the quest for the Orb.
     0 | D:1      | Reached XP level 1. HP: 19/19 MP: 0/0
   126 | D:1      | Reached skill level 4 in Axes
   183 | D:1      | Reached XP level 2. HP: 23/27 MP: 1/1
   755 | D:2      | Found a faded altar of an unknown god.
   763 | D:2      | Got Plato's Book of Apparitions
   764 | D:2      | Prayed at the altar of an unknown god.
   764 | D:2      | Became a worshipper of Uskayaw the Reveller
   764 | D:2      | Reached * piety under Uskayaw
   764 | D:2      | Reached ** piety under Uskayaw
  1058 | D:2      | Reached XP level 3. HP: 33/33 MP: 2/2
  1646 | D:3      | Reached *** piety under Uskayaw
  1650 | D:3      | Reached **** piety under Uskayaw
  1653 | D:3      | Reached skill level 1 in Throwing
  1655 | D:3      | Reached skill level 1 in Invocations
  1923 | D:3      | Reached XP level 4. HP: 40/40 MP: 3/3
  2067 | D:4      | Reached skill level 5 in Axes
  2068 | D:4      | Reached XP level 5. HP: 23/47 MP: 0/5
  2074 | D:4      | Reached ***** piety under Uskayaw
  2242 | D:4      | Reached XP level 6. HP: 49/55 MP: 7/7
  2338 | D:4      | Noticed Larett's ghost (amateur MiBe)
  2346 | D:4      | Found a runed translucent gate.
  2346 | D:4      | Found a runed translucent gate.
  2348 | D:4      | Found a runed translucent gate.
  2607 | D:5      | Entered Level 5 of the Dungeon
  2659 | D:5      | Reached skill level 5 in Fighting
  2659 | D:5      | Reached skill level 6 in Axes
  2684 | D:5      | Identified the +5 mace of Blood {drain, rF- Int-2 Dex+5}
  2826 | D:5      | Reached XP level 7. HP: 54/61 MP: 8/8
  2832 | D:5      | Found a glowing drain.
  2857 | Sewer    | Entered a sewer
  3108 | Sewer    | Reached skill level 7 in Axes
  3670 | D:6      | HP: 1/54 [wight/+3 halberd (5)]
  3670 | D:6      | Slain by a wight

Illustrated notes

Levels and vault maps discovered:
D:1:      dpeg_arrival_radiant, layout_rooms, wad_floor_pattern_untrapped
D:2:      layout_basic, shapermc_ecumenical_altar_rom_forum
D:3:      layout_basic, chequers_serial_rivers_micro_e, roderic_three_in_a_row
D:4:      layout_rooms, gammafunk_ghost_split
D:5:      layout_basic, gup_sewer_entry_glass, dk_rats_in_the_wall
D:6:      lemuel_castle_with_subvaults [lemuel_castle_interior_carwin_3],
          layout_basic, mainiacjoe_overflow_alcove_4,
          nicolae_overflow_macrodata_refinement

Skill      XL: |  1  2  3  4  5  6  7 |
---------------+----------------------+-----
Axes           | 4 5 6 7 |  7.6
Fighting       | 4 5 |  5.8
Throwing       | 1 2 3 |  3.3
Invocations    | 1 2 3 4 |  4.8
Dodging        | |  3.2

Action                     |  1- 3 |  4- 6 |  7- 9 || total
---------------------------+-------+-------+-------++-------
  Melee: Hand axe          |    82 |    61 |       ||   143
         Headbutt          |    11 |    18 |    16 ||    45
         Mace              |       |     7 |    81 ||    88
  Throw: Dart              |     2 |       |       ||     2
         Boomerang         |       |     2 |       ||     2
 Invoke: Stomp             |       |     1 |       ||     1
    Use: Scroll            |     5 |     2 |     1 ||     8
   Stab: Paralysed         |     2 |     1 |     3 ||     6
 Armour: Robe              |    10 |       |       ||    10
         Scale mail        |    35 |    56 |    71 ||   162
  Dodge: Dodged            |    31 |    32 |    57 ||   120
